 Dungeon Sprint DCSS version 0.23.1 (webtiles) character file.

Game seed: 12374557120800861569

19773 wilfster70 the Brawler (level 12, -12/119 HPs)
             Began as a Ghoul Gladiator on Mar 12, 2019.
             Was the Champion of Makhleb.
             Killed from afar by a fire dragon (31 damage)
             ... with a blast of flame
             ... in the Dungeon (Sprint IX: "|||||||||||||||||||||||||||||").
             The game lasted 00:10:54 (1742 turns).

wilfster70 the Brawler (Ghoul Gladiator)            Turns: 1742, Time: 00:10:54

Health: -12/119    AC: 34    Str: 18    XL:     12   Next: 72%
Magic:  17/17      EV:  7    Int:  3    God:    Makhleb [******]
Gold:   1119       SH: 15    Dex: 10    Spells: 11/11 levels left

rFire    . . .     SeeInvis +     - Unarmed
rCold    + . .     Gourm    .   r - +1 large shield
rNeg     + + +     Faith    .   y - +9 plate armour of Rudotos {rElec rPois MR+++ Str-5}
rPois    ∞         Spirit   .   q - +0 helmet
rElec    +         Reflect  .   p - +0 cloak
rCorr    .         Harm     .   a - +1 pair of gloves
MR       +++..     NoTele   +   x - +0 pair of boots
Stlth    ..........             (no amulet)
HPRegen  0.00/turn              t - +2 ring of protection
MPRegen  0.15/turn              w - ring of see invisible

@: rotting
A: rotting body, claws 1, carnivore, cold resistance 1, negative energy
resistance 3, inhibited regeneration, torment resistance, unbreathing
a: Minor Destruction, Lesser Servant of Makhleb, Major Destruction, Greater
Servant of Makhleb, Renounce Religion


You were in the Dungeon.
You worshipped Makhleb.
Makhleb was exalted by your worship.
You were not hungry.

You visited 1 branch You collected 1903 gold pieces.
You spent 784 gold pieces at shops.

Inventory:

Missiles
 c - 3 throwing nets (quivered)
Armour
 a - a +1 pair of gloves (worn)
 p - a +0 cloak (worn)
 q - a +0 helmet (worn)
 r - a +1 large shield (worn)
 x - a +0 pair of boots (worn)
 y - the +9 plate armour of Rudotos (worn) {rElec rPois MR+++ Str-5}
   (You bought it in a shop in the Dungeon)

   It affects your strength (-5).
   It insulates you from electricity.
   It protects you from poison.
   It affects your resistance to hostile enchantments.
Jewellery
 s - a +2 ring of evasion
 t - a +2 ring of protection (left hand)
 w - a ring of see invisible (right hand)
 z - an uncursed ring of fire
 A - an uncursed ring of fire
Wands
 o - a wand of iceblast (10)
Scrolls
 i - 2 scrolls of enchant armour
 j - 2 scrolls of blinking
 k - a scroll of magic mapping
 m - 6 scrolls of remove curse
 n - 3 scrolls of amnesia
 u - 2 scrolls of fear
 v - 3 scrolls of identify
Potions
 b - a potion of brilliance
 e - 9 potions of curing
 f - 5 potions of heal wounds
 g - 2 potions of haste
 h - 4 potions of magic
 l - a potion of invisibility
Comestibles
 d - 11 rations


   Skills:
 + Level 15.0 Fighting
 - Level 1.7 Throwing
 + Level 12.8 Armour
 + Level 13.2 Dodging
 * Level 5.4 Shields
 + Level 19.8 Unarmed Combat
 - Level 8.0 Invocations


You had 11 spell levels left.
You didn't know any spells.
Your spell library was empty.

Dungeon Overview and Level Annotations

Branches:
Dungeon (1/1)

Altars:
Cheibriados
Dithmenos
Elyvilon
Fedhas
Gozag
Hepliaklqana
Kikubaaqudgha
Makhleb
Nemelex Xobeh
Okawaru
Qazlal
Ru
Sif Muna
Trog
Uskayaw
Vehumet
Wu Jian
Xom
Yredelemnul
Zin
The Shining One
Beogh
Jiyva
Lugonu

Shops:
D [([*


Innate Abilities, Weirdness & Mutations

Your body is rotting away.
You thrive on raw meat.
You are immune to poison.
You have sharp fingernails.
You are carnivorous and can eat meat at any time.
Your flesh is cold resistant. (rC+)
You are immune to negative energy. (rN+++)
You do not regenerate when monsters are visible.
You are immune to unholy pain and torment.
You can survive without breathing.


Message History

* * * LOW HITPOINT WARNING * * *
You feel much better.
You pummel the fire dragon!!
The fire dragon is moderately wounded.
The fire dragon bites you.
* * * LOW HITPOINT WARNING * * *
The fire dragon claws you but does no damage.
The fire dragon tramples you but does no damage.
Your shield and plate armour of Rudotos prevent you from hitting the fire dragon.
The fire dragon is moderately wounded.
You block the fire dragon's attack.
The fire dragon claws you but does no damage.
The fire dragon tramples you.
* * * LOW HITPOINT WARNING * * *
You stumble backwards!
You closely miss the fire dragon.
The fire dragon is moderately wounded.
The fire dragon breathes flames at you. The blast of flame hits you!!
You die...

▓.▓.▓)▓.▓†▓.▓'▓
▓†▓.▓.▓.▓.▓.▓.▓
▓†▓.▓)▓.▓.▓.▓.▓
▓.▓.▓.▓.▓.▓.▓|▓
▓(▓.▓.▓.▓.▓.▓)▓
▓(▓.▓∩▓.▓÷▓.▓.▓
▓(▓.▓.▓.▓.▓.▓[▓
▓.▓.▓∩▓.▓.▓.▓.▓
▓@▓.▓.▓.▓.▓.▓[▓
▓D▓.▓∩▓.▓.▓.▓.▓
▓C▓.▓)▓.▓[▓.▓'▓
▓s▓.▓∩▓.▓.▓.▓.▓
▓.▓.▓)▓)▓"▓.▓.▓
▓c▓.▓.▓.▓'▓.▓.▓
▓.▓.▓.▓÷▓.▓.▓.▓
▓.▓.▓.▓.▓.▓.▓.▓
▓.▓.▓.▓.▓.▓.▓.▓


You could see a frost giant, a fire dragon, a yaktaur and a scorpion shaped
shifter.

Vanquished Creatures
  A stone giant (D)
  An ettin (D)
  2 hydras (D)
  4 two-headed ogres (D)
  6 ogre magi (D)
  A death yak (D)
  2 unseen horrors (D)
  4 orc knights (D)
  A manticore (D)
  A black mamba (D)
  A komodo dragon (D)
  2 spiny frogs (D)
  2 freezing wraiths (D)
  3 tyrant leeches (D)
  2 blink frogs (D)
  2 hippogriffs (D)
  A wyvern (D)
  A yak (D)
  Grum (D)
  A vampire mosquito (D)
  2 water moccasins (D)
  4 porcupines (D)
  9 orc warriors (D)
  A sky beast (D)
  3 ogres (D)
  5 wolves (D)
  2 crocodiles (D)
  4 bullfrogs (D)
  A scorpion (D)
  2 killer bees (D)
  2 crimson imps (D)
  A howler monkey (D)
  2 orc priests (D)
  An orc wizard (D)
  A worker ant (D)
  A shadow imp (D)
  A dart slug (D)
  A leopard gecko (D)
  11 orcs (D)
  A giant cockroach (D)
  A goblin (D)
  2 giant cockroach zombies (D)
  A kobold (D)
  A leopard gecko skeleton (D)
  2 rats (D)
101 creatures vanquished.

Vanquished Creatures (others)
  A vampire mage (D)
1 creature vanquished.

Grand Total: 102 creatures vanquished

Notes
Turn   | Place    | Note
-------+----------+-------------------------------------------
     0 | D        | wilfster70 the Ghoul Gladiator began the quest for the Orb.
     0 | D        | Reached XP level 1. HP: 17/17 MP: 0/0
     9 | D        | Reached skill level 1 in Armour
     9 | D        | Reached skill level 4 in Unarmed Combat
   123 | D        | Noticed a crimson imp
   124 | D        | Reached XP level 2. HP: 25/25 MP: 1/1
   143 | D        | Killed a crimson imp
   143 | D        | Reached skill level 5 in Unarmed Combat
   143 | D        | Reached XP level 3. HP: 24/33 MP: 2/2
   222 | D        | Found a roughly hewn altar of Beogh.
   222 | D        | Found a snail-covered altar of Cheibriados.
   222 | D        | Found a shadowy altar of Dithmenos.
   222 | D        | Found a white marble altar of Elyvilon.
   222 | D        | Found a blossoming altar of Fedhas.
   222 | D        | Found an opulent altar of Gozag.
   223 | D        | Found a hazy altar of Hepliaklqana.
   224 | D        | Found a viscous altar of Jiyva.
   225 | D        | Found an ancient bone altar of Kikubaaqudgha.
   226 | D        | Found a corrupted altar of Lugonu.
   227 | D        | Found a burning altar of Makhleb.
   228 | D        | Found a sparkling altar of Nemelex Xobeh.
   229 | D        | Found an iron altar of Okawaru.
   230 | D        | Found a stormy altar of Qazlal.
   231 | D        | Found a sacrificial altar of Ru.
   232 | D        | Found a deep blue altar of Sif Muna.
   233 | D        | Found a bloodstained altar of Trog.
   234 | D        | Found a hide-covered altar of Uskayaw.
   235 | D        | Found a radiant altar of Vehumet.
   236 | D        | Found an ornate altar of the Wu Jian Council.
   237 | D        | Found a shimmering altar of Xom.
   238 | D        | Found a basalt altar of Yredelemnul.
   239 | D        | Found a glowing silver altar of Zin.
   240 | D        | Found a glowing golden altar of the Shining One.
   263 | D        | Became a worshipper of Makhleb the Destroyer
   325 | D        | Noticed a yak
   325 | D        | Noticed a scorpion
   325 | D        | Noticed a sky beast
   325 | D        | Noticed a killer bee
   333 | D        | Reached skill level 6 in Unarmed Combat
   333 | D        | Reached skill level 1 in Invocations
   333 | D        | Reached XP level 4. HP: 37/40 MP: 3/3
   357 | D        | Killed an unseen horror
   357 | D        | Reached skill level 5 in Armour
   357 | D        | Reached skill level 10 in Unarmed Combat
   357 | D        | Reached skill level 5 in Invocations
   357 | D        | Reached XP level 5. HP: 12/52 MP: 3/8
   357 | D        | Reached XP level 6. HP: 14/60 MP: 3/9
   357 | D        | Reached XP level 7. HP: 15/66 MP: 3/10
   363 | D        | Killed a yak
   363 | D        | Reached * piety under Makhleb
   364 | D        | Reached skill level 11 in Unarmed Combat
   367 | D        | Reached XP level 8. HP: 33/74 MP: 4/11
   370 | D        | Reached ** piety under Makhleb
   516 | D        | Noticed a four-headed hydra
   526 | D        | Killed a four-headed hydra
   526 | D        | Reached skill level 12 in Unarmed Combat
   537 | D        | Reached *** piety under Makhleb
   537 | D        | Reached XP level 9. HP: 45/83 MP: 13/13
   711 | D        | Reached **** piety under Makhleb
   716 | D        | Reached skill level 13 in Unarmed Combat
   739 | D        | Reached ***** piety under Makhleb
   752 | D        | Reached skill level 10 in Fighting
   769 | D        | Noticed a death yak
   769 | D        | Noticed a komodo dragon
   772 | D        | Reached skill level 14 in Unarmed Combat
   775 | D        | Noticed a spiny frog
   782 | D        | Killed a death yak
   786 | D        | Reached XP level 10. HP: 44/94 MP: 15/15
   788 | D        | Noticed a black mamba
   808 | D        | Reached ****** piety under Makhleb
   808 | D        | Reached skill level 15 in Unarmed Combat
   811 | D        | Killed a spiny frog
   816 | D        | Killed a black mamba
   816 | D        | Reached skill level 10 in Dodging
   841 | D        | Noticed a spiny frog
   854 | D        | Killed a spiny frog
   871 | D        | Reached skill level 16 in Unarmed Combat
   880 | D        | Reached skill level 10 in Armour
   965 | D        | Noticed Grum
   978 | D        | Killed Grum
  1056 | D        | Noticed an orc knight
  1060 | D        | Noticed an orc knight
  1067 | D        | Killed an orc knight
  1067 | D        | Reached XP level 11. HP: 42/105 MP: 16/16
  1086 | D        | Killed an orc knight
  1090 | D        | Reached skill level 17 in Unarmed Combat
  1148 | D        | Noticed an orc knight
  1148 | D        | Noticed an orc knight
  1161 | D        | Killed an orc knight
  1179 | D        | Killed an orc knight
  1323 | D        | Found Woameox's Armour Emporium.
  1323 | D        | Noticed a two-headed ogre
  1323 | D        | Noticed an ogre mage
  1323 | D        | Noticed an ogre mage
  1324 | D        | Noticed an ogre mage
  1327 | D        | Noticed an ogre mage
  1329 | D        | Killed a two-headed ogre
  1334 | D        | Killed an ogre mage
  1334 | D        | Reached skill level 18 in Unarmed Combat
  1341 | D        | Killed an ogre mage
  1349 | D        | Killed an ogre mage
  1351 | D        | Found Gefeext's Weapon Shoppe.
  1351 | D        | Noticed a two-headed ogre
  1357 | D        | Killed an ogre mage
  1368 | D        | Killed a two-headed ogre
  1368 | D        | Reached XP level 12. HP: 116/116 MP: 17/17
  1369 | D        | Found Waheis's Antique Armour Emporium.
  1373 | D        | Found Utupeos's General Store.
  1375 | D        | Noticed a two-headed ogre
  1376 | D        | Noticed a two-headed ogre
  1377 | D        | Noticed an ogre mage
  1378 | D        | Noticed an ogre mage
  1381 | D        | Killed a two-headed ogre
  1381 | D        | Reached skill level 19 in Unarmed Combat
  1387 | D        | Killed a two-headed ogre
  1390 | D        | Killed an ogre mage
  1396 | D        | Killed an ogre mage
  1466 | D        | Bought a brightly glowing plate armour for 784 gold pieces
  1466 | D        | Identified the +9 plate armour of Rudotos {rElec rPois
                  | MR+++ Str-5} (You bought it in a shop in the Dungeon)
  1595 | D        | Found the +5 robe of Night {Dark MR+ SInv}
  1656 | D        | Noticed a six-headed hydra
  1665 | D        | Reached skill level 1 in Shields
  1672 | D        | Killed a six-headed hydra
  1703 | D        | Noticed a stone giant
  1705 | D        | Noticed an ettin
  1706 | D        | Noticed a vampire mage
  1707 | D        | Noticed a fire dragon
  1713 | D        | Noticed a frost giant
  1716 | D        | Killed a stone giant
  1722 | D        | Killed an ettin
  1722 | D        | Reached skill level 15 in Fighting
  1722 | D        | Reached skill level 5 in Shields
  1738 | D        | Killed a vampire mage
  1742 | D        | Killed from afar by a fire dragon

Skill      XL: |  1  2  3  4  5  6  7  8  9 10 11 12 |
---------------+-------------------------------------+-----
Armour         | 1 2 5 6 7 8 10 11 12 | 12.8
Dodging        | 3 4 6 7 8 9 10 12 13 | 13.2
Unarmed Combat | 4 5 6 10 11 12 14 16 18 19 | 19.8
Fighting       | 3 4 7 8 9 10 12 13 15 | 15.0
Invocations    | 1 5 6 7 8 |  8.0
Shields        | 5 |  5.4
Throwing       | |  1.7

Action                   |  1- 3 |  4- 6 |  7- 9 | 10-12 || total
-------------------------+-------+-------+-------+-------++-------
Melee: Unarmed           |    38 |    22 |   111 |   324 ||   495
       Punch             |       |       |     5 |    23 ||    28
  Use: Potion            |       |     1 |     1 |     2 ||     4
       Scroll            |       |       |     2 |     1 ||     3
  Eat: Chunk             |       |       |     9 |    19 ||    28
Armor: Leather armour    |     8 |       |       |       ||     8
       Scale mail        |     3 |    19 |    10 |       ||    32
       Chain mail        |       |       |    26 |    53 ||    79
       Plate armour      |       |       |       |    71 ||    71
Dodge: Dodged            |    11 |     3 |    46 |    99 ||   159
Block: Large shield      |       |       |       |    42 ||    42
